[Event "Team 45 45 League T55"]
[Site "Internet Chess Club"]
[Date "2012.11.29"]
[Round "3"]
[White "WzeroMN"]
[Black "WilmaP"]
[Result "1/2-1/2"]
[WhiteElo "1038"]
[BlackElo "1049"]
[Opening "Caro-Kann: two knights variation"]
[ECO "B10"]
[Time "13:00:43"]
[TimeControl "2700+45"]

1. e4 c6 2. Nf3 d5 3. Nc3 e6 4. d3 Nf6 5. Bd2 Qb6 6. Rb1 d4 7. Ne2 Nbd7 8. Nexd4
Bc5 9. Be3 Ng4 10. Qd2 Nde5 11. Nxe5 Nxe5 12. c3 Ng4 13. Be2 Nxe3 14. fxe3 e5
15. Nc2 O-O 16. O-O Be6 17. a3 Bb3 18. d4 Rad8 19. Nb4 exd4 20. exd4 Rfe8 21.
Bf3 Bc4 22. Rfd1 a5 23. Nd3 Bxd3 24. Qxd3 Re6 25. Kh1 Red6 26. dxc5 Qxc5 27. Qe2
Rxd1+ 28. Rxd1 Rxd1+ 29. Qxd1 h6 30. Qd8+ Kh7 31. Qd3 Qf2 32. Qb1 Kh8 33. e5 Qe3
34. h3 Qxe5 35. Bg4 g6 36. Bc8 Qc7 37. Bg4 Kg7 38. Qf1 g5 39. Qd1 Qb6 40. Qd4+
Qxd4 41. cxd4 Kf6 42. Kg1 b6 43. Kf2 Kg6 44. Ke3 f5 45. Bf3 f4+ 46. Ke4 Kf6 47.
Kd3 c5 48. d5 Ke7 49. Ke4 Kd6 50. Kf5 c4 51. Ke4 b5 52. Kd4 a4 53. Kc3 h5 54.
Kb4 g4 55. Be4 f3 56. hxg4 f2 57. Kxb5 f1=Q 58. Kxa4 hxg4 59. Kb4 Qe1+ 60. Kb5
Qxe4 61. a4 Qxd5+ 62. Kb4 Qc5+ 63. Kc3 Kd5 64. Kc2 Qa5 65. Kb1 Qxa4 66. g3 Qd1+
67. Ka2 Qd3 68. b3 Qxb3+ 69. Ka1 Qxg3 70. Ka2 Qb3+ 71. Ka1 g3 {White stalemated}
1/2-1/2

[Event "Team 45 45 League T55"]
[Site "Internet Chess Club"]
[Date "2012.12.01"]
[Round "3"]
[White "sockmonkey"]
[Black "mindstorm"]
[Result "1-0"]
[WhiteElo "1476"]
[BlackElo "1325"]
[Opening "QGD Slav defense"]
[ECO "D10"]
[Time "08:00:57"]
[TimeControl "2700+45"]

1. d4 d5 2. c4 c6 3. Nc3 Bf5 4. Nf3 Nd7 5. cxd5 cxd5 6. Nxd5 e6 7. Nc3 h6 8. e4
Bg4 9. Be2 Bxf3 10. Bxf3 Ngf6 11. e5 Ng8 12. Bxb7 Rb8 13. Bf3 f6 14. exf6 Ngxf6
15. Qe2 Qb6 16. d5 e5 17. O-O Bd6 18. b3 O-O 19. Be3 Qc7 20. Rfc1 Qa5 21. g3
Rbc8 22. Bd2 Bb4 23. Qe3 e4 24. Bg2 Nxd5 25. Nxd5 Bxd2 26. Ne7+ Kh8 27. Ng6+ Kg8
28. Qxe4 Rxc1+ 29. Rxc1 Bxc1 30. Bf1 Nf6 31. Bc4+ Rf7 32. Qa8+ Kh7 33. Bxf7 Qe1+
34. Kg2 Qe4+ 35. Qxe4 Nxe4 36. Ne5 Nc3 37. a4 g5 38. Nc6 Kg7 39. Bc4 Ba3 40.
Nxa7 Bc5 41. Nc6 Nd1 42. b4 Bd6 43. a5 Nc3 44. a6 Na4 45. a7 Nb6 46. Bd5 h5 47.
b5 Kf6 48. Na5 Ke7 49. a8=Q Nxa8 50. Bxa8 Bc7 51. Nc4 Kd7 52. Bc6+ Kc8 53. b6
Bxb6 54. Nxb6+ Kc7 55. Be8 Kxb6 56. Bxh5 Kc6 57. Kf3 Kd6 58. Kg4 Ke5 59. Kxg5
Ke4 {Black resigns} 1-0

[Event "Team 45 45 League T55"]
[Site "Internet Chess Club"]
[Date "2012.12.02"]
[Round "3"]
[White "RobertBuice"]
[Black "Bizzy-Ketty"]
[Result "0-1"]
[WhiteElo "1107"]
[BlackElo "1305"]
[Opening "QGD: 4.Nf3"]
[ECO "D37"]
[Time "10:00:35"]
[TimeControl "2700+45"]

1. d4 d5 2. c4 e6 3. Nf3 Nf6 4. Nc3 Nc6 5. Bf4 Bd6 6. e3 O-O 7. Qc2 Bd7 8. Rc1
Qe7 9. cxd5 exd5 10. Bxd6 cxd6 11. Bb5 a6 12. Bxc6 Bxc6 13. O-O Rad8 14. a4 Rfe8
15. b4 Rc8 16. Qd3 Ne4 17. b5 axb5 18. axb5 Bd7 19. Nxd5 Qe6 20. Rc7 Qxd5 21.
Rxd7 Nc5 22. e4 Rxe4 23. Rxd6 Qxd6 24. Qc3 b6 25. Re1 Rxe1+ 26. Nxe1 h6 27. Nd3
Rc7 28. Qe1 Nxd3 29. Qe8+ Kh7 30. Qb8 Rc1# {White checkmated} 0-1

[Event "Team 45 45 League T55"]
[Site "Internet Chess Club"]
[Date "2012.12.02"]
[Round "3"]
[White "ethan0627"]
[Black "artspir"]
[Result "1-0"]
[WhiteElo "1340"]
[BlackElo "1131"]
[Opening "Damiano's defense"]
[ECO "C40"]
[Time "17:01:01"]
[TimeControl "2700+45"]

1. e4 e5 2. Nf3 f6 3. Bc4 d6 4. d3 Bg4 5. h3 Bh5 6. g4 Bg6 7. Nc3 Nc6 8. Be3 Qd7
9. Qd2 Nge7 10. O-O-O O-O-O 11. Nh4 Nd4 12. f4 Nec6 13. Ne2 Be7 14. f5 Be8 15.
Bxd4 exd4 16. Be6 Bf7 17. Bxd7+ Rxd7 18. Nf3 Bxa2 19. b3 a5 20. Kb2 Nb4 21.
Nfxd4 d5 22. Nc3 Bc5 23. Ne6 dxe4 24. Nxc5 Rd6 25. N5xe4 Rb6 26. Nxa2 Rd8 27.
Nxb4 axb4 28. Ra1 Kb8 29. Ra4 Rd4 30. Nc5 Rb5 31. Rha1 c6 32. Qh2+ Kc8 33. Ra8#
{Black checkmated} 1-0

[Event "Team 45 45 League T55"]
[Site "Internet Chess Club"]
[Date "2012.12.09"]
[Round "3"]
[White "zap2"]
[Black "Grenadier"]
[Result "1-0"]
[WhiteElo "1849"]
[BlackElo "1701"]
[Opening "Réti: King's Indian attack (Barcza system)"]
[ECO "A07"]
[Time "09:05:27"]
[TimeControl "2700+45"]

1. Nf3 d5 2. g3 Nf6 3. Bg2 Bf5 4. d3 Nbd7 5. O-O e6 6. Nbd2 Be7 7. Re1 c6 8. e4
dxe4 9. dxe4 Bg6 10. Qe2 Qc7 11. Nh4 Bc5 12. Nxg6 hxg6 13. e5 Nd5 14. a3 Rd8 15.
c4 Ne7 16. Ne4 Qxe5 17. Bf4 Qh5 18. Qxh5 Rxh5 19. Rad1 a5 20. Bc7 Rc8 21. Bxa5
Ra8 22. Bc3 f6 23. b4 Ba7 24. Nd6+ Kf8 25. Nxb7 Nb6 26. Nd8 Nxc4 27. Nxe6+ Kf7
28. Nd8+ Kf8 29. Nxc6 Nxc6 30. Bxc6 Rc8 31. b5 Nxa3 32. Bb4+ Bc5 33. Bxa3 Bxa3
34. Rd7 Bc5 35. Rb7 Rf5 36. Re2 Rd8 37. Kg2 g5 38. h3 Kg8 39. Rc2 Re5 40. Kf3
Rd3+ 41. Kg2 Rb3 42. Rd2 Rb4 43. Rdd7 Re2 44. Rxg7+ Kh8 45. Rh7+ Kg8 46. Bd5+
Kf8 47. Rh8# {Black checkmated} 1-0

[Event "Team 45 45 League T55"]
[Site "Internet Chess Club"]
[Date "2012.12.02"]
[Round "3"]
[White "zepled37"]
[Black "mongmong"]
[Result "0-1"]
[WhiteElo "1559"]
[BlackElo "1661"]
[Opening "Réti opening"]
[ECO "A04"]
[Time "15:07:50"]
[TimeControl "2700+45"]

1. Nf3 e6 2. b3 d5 3. Bb2 Nf6 4. c4 Be7 5. g3 c5 6. Bg2 Nc6 7. O-O d4 8. d3 O-O
9. Na3 e5 10. e4 Bg4 11. Nc2 Qd7 12. Qd2 Bh3 13. a3 Bxg2 14. Kxg2 Ne8 15. b4 b6
16. b5 Na5 17. Qd1 Qe6 18. Nd2 f5 19. exf5 Qxf5 20. Ne4 Nd6 21. Qe2 Nxe4 22.
Qxe4 Qxe4+ 23. dxe4 Nb3 24. Rad1 Bg5 25. a4 Bh6 26. Rd3 Nd2 27. Bc1 Nxf1 28.
Bxh6 Nxh2 29. Bxg7 Kxg7 30. f3 Nxf3 31. Rxf3 Rxf3 32. Kxf3 a6 33. Ne1 axb5 34.
axb5 Ra4 35. Nd3 Ra3 36. Ke2 Rxd3 37. Kxd3 Kg6 38. Ke2 Kg5 39. Kf3 h6 40. g4 h5
41. gxh5 Kxh5 42. Kg3 Kg5 43. Kf3 Kh4 44. Ke2 Kg3 45. Kd2 Kf3 46. Kd3 Kf4 {White
resigns} 0-1

[Event "Team 45 45 League T55"]
[Site "Internet Chess Club"]
[Date "2012.11.28"]
[Round "3"]
[White "Kravier"]
[Black "GoIrish"]
[Result "1-0"]
[WhiteElo "1677"]
[BlackElo "1571"]
[Opening "King's Indian: London system"]
[ECO "A48"]
[Time "21:25:30"]
[TimeControl "2700+45"]

1. Nf3 Nf6 2. d4 g6 3. Bf4 Bg7 4. h3 O-O 5. e3 d6 6. c4 Nbd7 7. Nc3 Re8 8. Be2
c6 9. O-O d5 10. cxd5 cxd5 11. Nb5 e5 12. dxe5 Nh5 13. Bg5 Qb6 14. Rc1 Rb8 15.
Nc7 Rxe5 16. Nxe5 Nxe5 17. Bxh5 gxh5 18. Nxd5 Qe6 19. Ne7+ {Black resigns} 1-0

[Event "Team 45 45 League T55"]
[Site "Internet Chess Club"]
[Date "2012.11.29"]
[Round "3"]
[White "BrerRabbit"]
[Black "MinnArkie"]
[Result "1-0"]
[WhiteElo "1471"]
[BlackElo "1543"]
[Opening "King's Indian: London system"]
[ECO "A48"]
[Time "19:01:54"]
[TimeControl "2700+45"]

1. d4 Nf6 2. Nf3 g6 3. Bf4 Bg7 4. e3 Nh5 5. Bg3 Nxg3 6. hxg3 d5 7. Nbd2 Bg4 8.
Bd3 Nd7 9. c3 c6 10. Qc2 Nf6 11. O-O-O Qc7 12. Rh4 O-O-O 13. Rdh1 Kb8 14. Ng5
Bh5 15. Nxf7 Ng4 16. Nf3 e5 17. Nxd8 e4 18. Ne6 exd3 19. Qd2 Qa5 20. Kb1 Bf6 21.
R4h3 Re8 22. Nf4 Bg5 23. Nxg5 Qa4 24. Nxd3 h6 25. Nf3 Nf6 26. Qc2 Qb5 27. Nf4
Bxf3 28. gxf3 g5 29. Nd3 h5 30. Ne5 g4 31. fxg4 hxg4 32. Rh8 Rxh8 33. Rxh8+ Kc7
34. Rh1 c5 35. f3 gxf3 36. Nxf3 Ne4 37. Rg1 cxd4 38. cxd4+ Kd6 39. g4 Qd7 40. g5
Qf5 41. g6 Qxf3 42. g7 Nf6 43. g8=Q Nxg8 44. Rxg8 Qf1+ 45. Qc1 Qd3+ 46. Ka1 Qf5
47. Qc5+ Kd7 48. Qc8+ {Black resigns} 1-0

[Event "Team 45 45 League T55"]
[Site "Internet Chess Club"]
[Date "2012.12.04"]
[Round "3"]
[White "ScotchYeti"]
[Black "rayonline53"]
[Result "1-0"]
[WhiteElo "1702"]
[BlackElo "1509"]
[Opening "Ruy Lopez: Wormald (Alapin) attack"]
[ECO "C77"]
[Time "15:00:22"]
[TimeControl "2700+45"]

1. e4 e5 2. Nf3 Nc6 3. Bb5 a6 4. Ba4 Nf6 5. Qe2 Be7 6. c3 b5 7. Bb3 d6 8. d3 Na5
9. Bc2 c5 10. O-O Nc6 11. Rd1 Qc7 12. Nbd2 Bg4 13. Nf1 h6 14. h3 Be6 15. Ng3 d5
16. d4 cxd4 17. exd5 Nxd5 18. cxd4 exd4 19. Nxd4 Nxd4 20. Rxd4 O-O 21. Bb3 Rad8
22. Re4 Bd6 23. Rxe6 Bxg3 24. Re4 Bd6 25. Qf3 Nf6 26. Rh4 Be5 27. Be3 Bxb2 28.
Rb1 Be5 29. Rc1 Qe7 30. Bf4 Bxf4 31. Rxf4 Rd6 32. Qc3 Rfd8 33. Re1 Qd7 34. Rf3
Rd2 35. Qb4 Qc7 36. Rc3 Qb6 37. Rf3 a5 38. Qe7 Rf8 39. Rf1 a4 40. Bd1 Rxa2 41.
Rg3 b4 42. Qe1 b3 43. Qc3 b2 44. Bc2 a3 45. Rb1 Nd5 46. Qxg7# {Black checkmated}
1-0

[Event "Team 45 45 League T55"]
[Site "Internet Chess Club"]
[Date "2012.12.01"]
[Round "3"]
[White "nanning"]
[Black "cepheid"]
[Result "1-0"]
[WhiteElo "1661"]
[BlackElo "1636"]
[Opening "Sicilian: Grand Prix attack"]
[ECO "B23"]
[Time "10:00:46"]
[TimeControl "2700+45"]

1. e4 c5 2. Nc3 Nc6 3. f4 e6 4. Bb5 a6 5. Bxc6 bxc6 6. Nf3 Nf6 7. O-O Be7 8. d3
d5 9. Qe1 Qc7 10. e5 Nd7 11. Qg3 g6 12. Ng5 h6 13. Nxe6 fxe6 14. Qxg6+ Kd8 15.
Qg7 Rf8 16. Qxh6 Nxe5 17. fxe5 Rxf1+ 18. Kxf1 Qxe5 19. Bf4 Qf5 20. Kg1 Bd7 21.
Rf1 Qg4 22. Qh8+ Be8 23. Qe5 Rc8 24. Na4 Qf5 25. Qc3 Qh5 26. Qa5+ Kd7 27. Nb6+
Kd8 28. Nxc8+ Kxc8 29. Qc7# {Black checkmated} 1-0

[Event "Team 45 45 League T55"]
[Site "Internet Chess Club"]
[Date "2012.12.01"]
[Round "3"]
[White "Hal2001"]
[Black "rom1"]
[Result "1-0"]
[WhiteElo "1632"]
[BlackElo "1544"]
[Opening "Alekhine's defense: exchange variation"]
[ECO "B03"]
[Time "09:00:44"]
[TimeControl "2700+45"]

1. e4 Nf6 2. e5 Nd5 3. d4 d6 4. c4 Nb6 5. exd6 cxd6 6. Nc3 g6 7. Bd3 Nc6 8. d5
Ne5 9. Nge2 Nexc4 10. Bxc4 Nxc4 11. Qa4+ Bd7 12. Qxc4 Bg7 13. O-O O-O 14. Be3 a6
15. Bd4 Rc8 16. Qd3 e6 17. Bxg7 Kxg7 18. dxe6 Bxe6 19. Rfd1 Rc6 20. Nd4 Rc8 21.
Nxe6+ fxe6 22. Qxd6 Qf6 23. Qd4 e5 24. Qe3 Qe6 25. Re1 Rf5 26. g4 Rf6 27. h3
Rcf8 28. Ne4 Rf4 29. Ng5 Qf6 30. Qxe5 Kh6 31. Qxf6 R8xf6 32. Ne4 Re6 33. Ng3
Ref6 34. Re2 Rf7 35. Rae1 Rf3 36. Kg2 Kg7 37. Ne4 h6 38. Nd6 {Black resigns} 1-0

[Event "Team 45 45 League T55"]
[Site "Internet Chess Club"]
[Date "2012.12.02"]
[Round "3"]
[White "oldsj"]
[Black "cBishop"]
[Result "0-1"]
[WhiteElo "1623"]
[BlackElo "1605"]
[Opening "Sicilian: Najdorf, 6.Bg5"]
[ECO "B94"]
[Time "12:06:41"]
[TimeControl "2700+45"]

1. e4 c5 2. Nf3 d6 3. d4 cxd4 4. Nxd4 Nf6 5. Nc3 a6 6. Bg5 Nbd7 7. f4 h6 8. Bh4
e6 9. Qf3 Be7 10. O-O-O Qc7 11. g4 b5 12. g5 hxg5 13. Bxg5 Bb7 14. Bd3 b4 15.
Na4 Rc8 16. h4 Qa5 17. b3 Nc5 18. Nxc5 dxc5 19. Ne2 Qxa2 20. f5 c4 21. Bxf6 Bxf6
22. Bxc4 Qb2+ 23. Kd2 Rd8+ 24. Ke3 Rxd1 25. Rxd1 Rxh4 26. fxe6 Rxe4+ 27. Kf2
Qxc2 28. exf7+ Kf8 29. Qd3 Rxe2+ 30. Qxe2 Bh4+ 31. Kf1 Qf5+ 32. Kg1 Qg5+ 33. Kf1
Qf5+ 34. Kg1 Qg5+ 35. Kf1 Qf4+ 36. Kg1 Qg3+ 37. Kf1 Qh3+ 38. Kg1 Qh1# {White
checkmated} 0-1

[Event "Team 45 45 League T55"]
[Site "Internet Chess Club"]
[Date "2012.12.02"]
[Round "3"]
[White "Elalfer"]
[Black "SeniorCitizen"]
[Result "1-0"]
[WhiteElo "1423"]
[BlackElo "1343"]
[Opening "QGD: 4.Nf3"]
[ECO "D37"]
[Time "14:00:24"]
[TimeControl "2700+45"]

1. d4 d5 2. c4 e6 3. Nf3 Nf6 4. Nc3 Be7 5. e3 O-O 6. Bd3 b6 7. O-O Bb7 8. cxd5
exd5 9. Bd2 Nbd7 10. a3 a5 11. Rc1 c5 12. dxc5 Nxc5 13. Bb5 Ba6 14. Bxa6 Nxa6
15. Nd4 Bc5 16. Ncb5 Qd7 17. Qe1 Nc7 18. Nxc7 Bxd4 19. Nxa8 Bxb2 {Black resigns}
1-0

[Event "Team 45 45 League T55"]
[Site "Internet Chess Club"]
[Date "2012.12.02"]
[Round "3"]
[White "Sanjaya"]
[Black "fuzzface"]
[Result "0-1"]
[WhiteElo "1157"]
[BlackElo "1332"]
[Opening "Levitsky attack (Queen's bishop attack)"]
[ECO "D00"]
[Time "11:01:36"]
[TimeControl "2700+45"]

1. d4 d5 2. Bg5 h6 3. Bh4 c6 4. Nc3 Qb6 5. Na4 Qb4+ 6. c3 Qd6 7. Nc5 b6 8. Nb3
e6 9. Qc2 Be7 10. Bg3 Qd7 11. O-O-O Nf6 12. e4 Nxe4 13. Be5 Bg5+ 14. f4 Bf6 15.
Bd3 Bxe5 16. dxe5 Nc5 17. Nf3 Nxd3+ 18. Rxd3 Ba6 19. Rd2 c5 20. Rhd1 Qa4 21. Kb1
Bc4 22. g4 Bxb3 23. axb3 Qxf4 24. Rf2 Nd7 25. c4 Nxe5 26. Qc3 d4 27. Qc1 Qxc1+
28. Kxc1 Nxg4 29. Rg2 Ne3 30. Rxg7 Nxd1 31. Kxd1 Kf8 32. Ne5 Rg8 33. Rxf7+ Ke8
34. Ke2 Rg2+ 35. Kd3 Rxh2 {White resigns} 0-1

[Event "Team 45 45 League T55"]
[Site "Internet Chess Club"]
[Date "2012.12.03"]
[Round "3"]
[White "tamky70"]
[Black "BosqueVerde"]
[Result "1-0"]
[WhiteElo "1407"]
[BlackElo "1163"]
[Opening "Scotch: Lolli variation"]
[ECO "C44"]
[Time "20:30:20"]
[TimeControl "2700+45"]

1. e4 e5 2. Nf3 Nc6 3. d4 Nxd4 4. Nxd4 exd4 5. Bc4 Bc5 6. Kf1 Nf6 7. Bg5 O-O 8.
c3 dxc3 9. Nxc3 d6 10. Nd5 Be6 11. b4 Bxb4 12. Nxb4 Bxc4+ 13. Kg1 c6 14. Rc1 b5
15. Nxc6 Qd7 16. e5 Qxc6 17. exf6 gxf6 18. Bxf6 Rfc8 19. Qg4+ Kf8 20. Qg7+ Ke8
21. Qg8+ Kd7 22. Qg4+ Kc7 23. h3 Rg8 24. Bg7 Rae8 25. Kh2 Re7 26. Qd4 Kb7 27.
Qf6 Re6 28. Qxf7+ Ka6 29. Qxg8 Rg6 30. f3 Bxg8 31. Rxc6+ Kb7 32. Rhc1 Rxg7 33.
Rxd6 Bxa2 34. Ra1 Bc4 35. Rda6 Kb8 36. Rf6 b4 37. Rf4 Rc7 38. Ra5 b3 39. Ra1 b2
40. Rb1 Bd3 41. Rxb2+ Ka8 42. Rf8+ Rc8 43. Rxc8# {Black checkmated} 1-0

[Event "Team 45 45 League T55"]
[Site "Internet Chess Club"]
[Date "2012.12.01"]
[Round "3"]
[White "theartist"]
[Black "wildangels"]
[Result "0-1"]
[WhiteElo "1087"]
[BlackElo "1052"]
[Opening "Dutch with c4 & Nc3"]
[ECO "A85"]
[Time "09:01:40"]
[TimeControl "2700+45"]

1. d4 f5 2. c4 Nf6 3. Nc3 g6 4. Nf3 Bg7 5. e3 O-O 6. Bd3 d6 7. O-O c6 8. Re1 Qe8
9. e4 a5 10. exf5 gxf5 11. Bf4 Qd8 12. Qc2 Nh5 13. Bg5 Rf7 14. Re2 c5 15. dxc5
dxc5 16. Rae1 Nc6 17. Nd5 Bf8 18. Nh4 Nd4 19. Qd2 Nxe2+ 20. Qxe2 Qd6 21. Bf4
Nxf4 22. Qf3 Nxd5 23. cxd5 f4 24. Qe4 Bf5 25. Nxf5 Qc7 26. Qe6 Ra6 27. Qd6 exd6
{White resigns} 0-1

[Event "Team 45 45 League T55"]
[Site "Internet Chess Club"]
[Date "2012.12.01"]
[Round "3"]
[White "Just-Jim"]
[Black "arconia"]
[Result "0-1"]
[WhiteElo "1432"]
[BlackElo "1321"]
[Opening "Sicilian defense"]
[ECO "B20"]
[Time "12:00:40"]
[TimeControl "2700+45"]

1. e4 c5 2. Bc4 Nc6 3. Nf3 e6 4. e5 d6 5. exd6 Bxd6 6. O-O Nf6 7. c3 Qc7 8. h3
e5 9. d3 e4 10. dxe4 Nxe4 11. Re1 Bf5 12. Bd5 O-O-O 13. Qa4 Nxf2 14. Bxc6 bxc6
15. Na3 Bg3 16. Be3 Nd3 17. Red1 Rhe8 18. Nc4 Rxe3 19. Nxe3 Bf2+ 20. Kf1 Bxe3
21. Qa6+ Kb8 22. Ke2 Qg3 {White resigns} 0-1

[Event "Team 45 45 League T55"]
[Site "Internet Chess Club"]
[Date "2012.11.30"]
[Round "3"]
[White "Cicero"]
[Black "PsyMar"]
[Result "0-1"]
[WhiteElo "1248"]
[BlackElo "1329"]
[Opening "King's Indian: East Indian defense"]
[ECO "A48"]
[Time "14:01:33"]
[TimeControl "2700+45"]

1. d4 Nf6 2. Nf3 g6 3. e3 d5 4. Bd3 Nbd7 5. c3 Bg7 6. Nbd2 O-O 7. O-O e5 8. Nxe5
Nxe5 9. dxe5 Ng4 10. Nf3 Nxe5 11. Bc2 Bg4 12. Bd3 Nxf3+ 13. gxf3 Bh3 14. f4 Bxf1
15. Kxf1 c5 16. b3 d4 17. cxd4 cxd4 18. e4 Rc8 19. Bc4 d3 20. Rb1 Qh4 21. Qf3
Qxh2 22. Qxd3 Rfd8 23. Qc2 b5 24. Bxf7+ Kxf7 25. Qb2 Bxb2 {White resigns} 0-1

[Event "Team 45 45 League T55"]
[Site "Internet Chess Club"]
[Date "2012.11.30"]
[Round "3"]
[White "lawth3"]
[Black "oldbookseller"]
[Result "1-0"]
[WhiteElo "1270"]
[BlackElo "1076"]
[Opening "Modern defense"]
[ECO "A40"]
[Time "13:00:26"]
[TimeControl "2700+45"]

1. d4 g6 2. c4 d6 3. Nc3 Bd7 4. e4 Bg7 5. Nf3 e6 6. Be2 Ne7 7. O-O O-O 8. Bg5 b6
9. Qd2 Nbc6 10. d5 Ne5 11. b4 a6 12. Rad1 Re8 13. Rfe1 Qb8 14. a3 Qa7 15. h3 b5
16. Be3 Qb7 17. Bh6 Bf6 18. h4 Qb6 19. Rf1 c6 20. dxe6 Bxe6 21. Ng5 Rad8 22. h5
Nxc4 23. Qf4 Nf5 24. exf5 gxf5 25. Qg3 c5 26. Nxe6+ Kh8 27. Bg7+ Kg8 28. Bxf6#
{Black checkmated} 1-0

[Event "Team 45 45 League T55"]
[Site "Internet Chess Club"]
[Date "2012.12.03"]
[Round "3"]
[White "room-matt"]
[Black "Zugzwanged"]
[Result "1-0"]
[WhiteElo "1794"]
[BlackElo "1681"]
[Opening "Queen's pawn game"]
[ECO "A45"]
[Time "09:03:12"]
[TimeControl "2700+45"]

1. d4 Nf6 2. Nc3 e6 3. Bg5 Be7 4. e3 b6 5. Qf3 Nc6 6. O-O-O Bb7 7. Bd3 Qc8 8.
Qh3 Nb4 9. Be2 Nbd5 10. Nxd5 Bxd5 11. c4 Be4 12. Nf3 Qa6 13. Nd2 Bg6 14. Qf3 O-O
15. Bxf6 Bxf6 16. a3 c5 17. Ne4 Be7 18. d5 exd5 19. Rxd5 Rfd8 20. Rhd1 Qc8 21.
Nd6 Qc7 22. Nf5 Bf6 23. h4 Bxf5 24. Qxf5 Bxh4 25. Rxd7 Rxd7 26. Rxd7 Qc8 27.
Qxf7+ {Black resigns} 1-0

[Event "Team 45 45 League T55"]
[Site "Internet Chess Club"]
[Date "2012.12.02"]
[Round "3"]
[White "Signalman"]
[Black "supermessi"]
[Result "1-0"]
[WhiteElo "1537"]
[BlackElo "1567"]
[Opening "Sicilian: modern Scheveningen"]
[ECO "B58"]
[Time "13:03:50"]
[TimeControl "2700+45"]

1. e4 c5 2. Nf3 d6 3. d4 cxd4 4. Nxd4 Nf6 5. Nc3 Nc6 6. Be2 e6 7. O-O Be7 8. f4
Qb6 9. Be3 Qd8 10. a3 O-O 11. Qe1 a6 12. Qg3 Re8 13. Rad1 Qc7 14. e5 Nd7 15.
exd6 Bxd6 16. Ncb5 Qb8 17. Nxc6 bxc6 18. Nxd6 Rd8 19. b3 Nf8 20. Bc5 Bb7 21. Bc4
Nd7 22. Bd4 g6 23. Bb2 Qa7+ 24. Kh1 Qc5 {Black resigns} 1-0

[Event "Team 45 45 League T55"]
[Site "Internet Chess Club"]
[Date "2012.12.02"]
[Round "3"]
[White "rahulr"]
[Black "werty"]
[Result "1-0"]
[WhiteElo "1531"]
[BlackElo "1502"]
[Opening "QGD: 3...Nf6"]
[ECO "D35"]
[Time "14:30:48"]
[TimeControl "2700+45"]

1. d4 e6 2. c4 d5 3. Nc3 Nf6 4. e3 Bb4 5. Nf3 c5 6. dxc5 Bxc5 7. cxd5 Nxd5 8.
Nxd5 exd5 9. Bd3 Qa5+ 10. Bd2 Bb4 11. Qc2 Bxd2+ 12. Nxd2 Nc6 13. O-O g6 14. Nb3
Qc7 15. Rac1 O-O 16. Bb5 Bd7 17. Rfd1 a6 18. Bxc6 Bxc6 19. Rxd5 Rad8 20. Rc5 Qd7
21. Nd4 Qd6 22. Nxc6 bxc6 23. Rxc6 Qd2 24. g3 Qxc2 25. R1xc2 Rd1+ 26. Kg2 Ra8
27. Rb6 Rd7 28. Rbc6 Raa7 29. b4 Rdb7 30. Rb2 a5 31. b5 a4 32. b6 Ra6 33. Kf3
Kg7 34. Ke4 Re7+ 35. Kd5 Rd7+ 36. Kc5 Rb7 37. Kb5 Ra8 38. Rc7 Rxb6+ 39. Kxb6
Rb8+ 40. Rb7 {Black resigns} 1-0

[Event "Team 45 45 League T55"]
[Site "Internet Chess Club"]
[Date "2012.12.02"]
[Round "3"]
[White "DutchBird"]
[Black "Egmont"]
[Result "1-0"]
[WhiteElo "1441"]
[BlackElo "1679"]
[Opening "Sicilian: Alapin's variation (2.c3)"]
[ECO "B22"]
[Time "11:00:27"]
[TimeControl "2700+45"]

1. e4 c5 2. c3 d5 3. exd5 Qxd5 4. d4 Nf6 5. Nf3 Bg4 6. Be2 e6 7. h3 Bh5 8. O-O
Be7 9. Be3 cxd4 10. cxd4 O-O 11. Nc3 Qd8 12. Qb3 Qc8 13. Rac1 Nc6 14. Ne5 Bxe2
15. Nxc6 bxc6 16. Nxe2 Qd7 17. Rfd1 Nd5 18. a3 Rab8 19. Qc2 Rb6 20. Nc3 Nxc3 21.
Qxc3 Qd5 22. b4 h6 23. Qc4 Rfb8 24. Qxd5 cxd5 25. Rc7 R6b7 26. Rdc1 Bd6 27. Rxb7
Rxb7 28. Rc8+ Kh7 29. Rc6 Bc7 30. f4 Kg6 31. Kf2 Kf6 32. g4 Ke7 33. Kf3 Kd7 34.
Rc2 a5 35. Rb2 axb4 36. Rxb4 Rxb4 37. axb4 Bb6 38. Ke2 Kc6 39. Kd3 Kb5 40. Bd2
Bc7 41. h4 g6 42. h5 Bd6 43. g5 Bf8 44. f5 hxg5 45. hxg6 fxg6 46. fxg6 Bg7 47.
Bxg5 Kxb4 48. Bf4 Kb5 49. Be5 Bf8 50. g7 Bxg7 51. Bxg7 Kc6 52. Be5 Kd7 53. Ke3
Ke7 54. Kf4 Kf7 55. Kg5 {Black resigns} 1-0

[Event "Team 45 45 League T55"]
[Site "Internet Chess Club"]
[Date "2012.12.02"]
[Round "3"]
[White "kpjw"]
[Black "bayoumicardio10"]
[Result "1-0"]
[WhiteElo "1584"]
[BlackElo "1600"]
[Opening "Pirc: classical (two knights) system"]
[ECO "A48"]
[Time "14:02:48"]
[TimeControl "2700+45"]

1. d4 Nf6 2. Nf3 g6 3. Nc3 Bg7 4. e4 d6 5. Be3 O-O 6. Qd2 Bg4 7. Ng5 h6 8. h3
Bd7 9. Nf3 Kh7 10. g4 g5 11. Bd3 Kg8 12. O-O-O b5 13. e5 b4 14. exf6 bxc3 15.
Qxc3 Bxf6 16. Be4 c6 17. Rdg1 Na6 18. h4 Bxg4 19. Rxg4 h5 20. Rxg5+ Bxg5 21.
Nxg5 f5 22. Bd3 Nc7 23. Rg1 Nd5 24. Bc4 Qb6 25. Ne6+ Kf7 26. Nxf8 Kxf8 27. Bh6+
Ke8 28. Bxd5 cxd5 29. Rg8+ Kd7 {Black resigns} 1-0

[Event "Team 45 45 League T55"]
[Site "Internet Chess Club"]
[Date "2012.12.02"]
[Round "3"]
[White "Warpdrive"]
[Black "doublepar"]
[Result "1-0"]
[WhiteElo "1752"]
[BlackElo "1539"]
[Opening "Ruy Lopez: Marshall counter-attack"]
[ECO "C89"]
[Time "17:00:34"]
[TimeControl "2700+45"]

1. e4 e5 2. Nf3 Nc6 3. Bb5 a6 4. Ba4 Nf6 5. O-O Be7 6. Re1 b5 7. Bb3 O-O 8. c3
d5 9. exd5 Nxd5 10. d4 exd4 11. Nxd4 Nxd4 12. Qxd4 Bb7 13. Bxd5 Bxd5 14. Bf4 c5
15. Qe3 Re8 16. Nd2 Ra7 17. Nb3 Qc8 18. Nxc5 Qc6 19. Ne4 Raa8 20. Qd3 Rad8 21.
Ng3 Bxg2 22. Qf5 Bc5 23. Be3 Bxe3 24. fxe3 Rd2 25. Re2 Rxe2 26. Nxe2 Rxe3 27.
Rd1 Bd5 28. Qxd5 Qg6+ 29. Ng3 {Black resigns} 1-0

[Event "Team 45 45 League T55"]
[Site "Internet Chess Club"]
[Date "2012.12.03"]
[Round "3"]
[White "ikatankayangan"]
[Black "birk113"]
[Result "1-0"]
[WhiteElo "1689"]
[BlackElo "1442"]
[Opening "French: advance, Paulsen attack"]
[ECO "C00"]
[Time "17:09:46"]
[TimeControl "2700+45"]

1. e4 e6 2. Nf3 d5 3. e5 c5 4. c3 Nc6 5. d4 Qb6 6. Be2 cxd4 7. cxd4 Nh6 8. Bxh6
Qxb2 9. Bd2 Qxa1 10. Qb3 Nxd4 11. Nxd4 Qxd4 12. Bb5+ Kd8 13. O-O Qxe5 14. Qf3
Qf6 15. Qg3 Bd7 16. Bg5 Be7 17. Bxf6 Bxf6 18. Bxd7 Kxd7 19. Qb3 b6 20. Qb5+ Ke7
21. Nd2 Rhc8 22. Qa6 Rc7 23. Qd3 h6 24. Rd1 a5 25. Nf3 Rc5 26. h3 b5 27. Rb1 b4
28. Nd2 Rac8 29. Nb3 Rc2 30. Qa6 d4 31. Qxa5 d3 32. Qxb4+ Ke8 33. Qb5+ Ke7 34.
Qxd3 Rxa2 35. Rd1 Rcc2 36. Qd8# {Black checkmated} 1-0

[Event "Team 45 45 League T55"]
[Site "Internet Chess Club"]
[Date "2012.12.02"]
[Round "3"]
[White "krysto"]
[Black "kwameh72"]
[Result "1-0"]
[WhiteElo "1625"]
[BlackElo "1712"]
[Opening "Queen's pawn game, Chigorin variation"]
[ECO "A40"]
[Time "21:03:09"]
[TimeControl "2700+45"]

1. d4 Nc6 2. Nf3 d5 3. Bf4 Nf6 4. e3 Bg4 5. c4 e6 6. h3 Bh5 7. Bd3 Bd6 8. cxd5
exd5 9. Bxd6 Qxd6 10. a3 O-O 11. O-O Rfe8 12. b4 Ne4 13. Be2 Qf6 14. b5 Bxf3 15.
Bxf3 Ne7 16. Qc2 Ng5 17. Nd2 Rac8 18. Qb3 Qd6 19. a4 Ne6 20. Bg4 f5 21. Bf3 c5
22. bxc6 bxc6 23. Rfc1 c5 24. Qa3 Red8 25. dxc5 Nxc5 26. Nb3 Ne4 27. Rxc8 Rxc8
28. Qxd6 Nxd6 29. Rd1 Ne4 30. Nd4 Rc4 31. Ra1 a5 32. Be2 Rb4 33. f3 Nd6 34. Nc2
Rb2 35. Nd4 Nc4 36. Kf2 Kf7 37. g4 Kf6 38. gxf5 Nxf5 39. Nxf5 Kxf5 40. Rb1 Kg5
41. Rxb2 Nxb2 42. Bb5 Kh4 43. e4 dxe4 44. fxe4 Nd1+ 45. Kf3 Kxh3 46. e5 g5 47.
Bd7+ Kh4 48. e6 h5 49. e7 g4+ 50. Kf4 g3 51. e8=Q g2 52. Qe7# {Black checkmated}
1-0